 Dungeon Crawl Stone Soup version 0.27.1-3-gb3d3a73c9e (webtiles) character file.

Game seed: 7084525424971734498

51 Crownlay the Slasher (level 3, -3/34 HPs)
             Began as a Minotaur Berserker on Oct 23, 2021.
             Was a Believer of Trog.
             Slain by a gnoll (9 damage)
             ... on level 2 of the Dungeon.
             The game lasted 00:01:44 (910 turns).

Crownlay the Slasher (Minotaur Berserker)            Turns: 910, Time: 00:01:44

Health: -3/34      AC:  7    Str: 22    XL:     3   Next: 58%
Magic:  2/2        EV: 12    Int: 10    God:    Trog [**....]
Gold:   25         SH:  0    Dex:  9    Spells: 2/2 levels left

rFire    . . .     SeeInvis .   a - +0 falchion
rCold    . . .     Faith    .   (no shield)
rNeg     . . .     Spirit   .   b - +0 animal skin
rPois    .         Reflect  .   (helmet restricted)
rElec    .         Harm     .   (no cloak)
rCorr    .         Rampage  .   i - +0 pair of gloves
Will     ++...                  (no boots)
Stlth    +.........             (no amulet)
HPRegen  1.11/turn              d - +4 ring of protection
MPRegen  0.08/turn              h - +6 ring of intelligence

@: strong-willed, regenerating
A: horns 2, retaliatory headbutt
a: Renounce Religion, Berserk, Trog's Hand


You were on level 2 of the Dungeon.
You worshipped Trog.
Trog was pleased with you.
You visited 1 branch of the dungeon, and saw 2 of its levels.

You collected 65 gold pieces.
You spent 40 gold pieces at shops.

Inventory:

Hand Weapons
 a - a +0 falchion (weapon)
Armour
 b - a +0 animal skin (worn)
 i - a +0 pair of gloves (worn)
Jewellery
 d - a +4 ring of protection (left hand)
 h - a +6 ring of intelligence (right hand)
Wands
 j - a wand of flame (10)
Scrolls
 c - a scroll of magic mapping {unknown}
 e - a scroll of enchant weapon {unknown}
 k - a scroll of noise {unknown}
 l - a scroll of enchant armour {unknown}
 m - 2 scrolls of identify
 n - a scroll of amnesia {unknown}
 o - a scroll of fog
Potions
 f - a potion of flight {unknown}
 g - a potion of degeneration {unknown}


   Skills:
 + Level 4.3 Fighting
 * Level 5.1 Long Blades
 - Level 2.4 Armour
 - Level 2.1 Dodging


You had 2 spell levels left.
You didn't know any spells.
Your spell library was empty.

Dungeon Overview and Level Annotations

Branches:
Dungeon (2/15)

Altars:

Shops:
D:1 :   D:2 *


Innate Abilities, Weirdness & Mutations

You have a pair of horns on your head.
You reflexively headbutt those who attack you in melee.


Message History

You riposte.
You hit the gnoll but do no damage. Your headbutt misses the gnoll.
The gnoll is heavily wounded.
You barely miss the gnoll.
The gnoll is heavily wounded.
The gnoll hits you with a +0 spear.
You hit the gnoll.
You kill the gnoll!
Trog accepts your kill.
The gnoll hits you from afar with a +0 spear.
Your Long Blades skill increases to level 5!
Found 8 bolts.
The adder barely misses you.
You closely miss the adder. The adder bites you but does no damage.
The gnoll hits you with a +0 spear.
You hit the adder.
The adder is heavily wounded.
The gnoll hits you but does no damage. The adder bites you but does no damage.
The gnoll hits you with a +0 spear! The goblin hits you but does no damage.
You are too injured to fight recklessly!
You are too injured to fight recklessly!
You are too injured to fight recklessly!
The gnoll hits you from afar with a +0 spear.
The adder bites you.
* * * LOW HITPOINT WARNING * * *
The gnoll misses you. The adder bites you but does no damage.
You hit the gnoll. You headbutt the gnoll.
The gnoll is severely wounded.
The adder completely misses you. You furiously retaliate!
You headbutt the adder. The gnoll barely misses you.
The gnoll hits you from afar with a +0 spear.
* * * LOW HITPOINT WARNING * * *
The adder bites you.
* * * LOW HITPOINT WARNING * * *
Things that are here:
a +0 halberd; a gnoll corpse Your skin crawls.
You feel strong-willed. The gnoll hits you with a +0 flail!
You die...

## ##........#
#..........# .#
#........# #....).....#
.# #..#######
#..........# .# ##.#
#..........# .# #..
##........## .# ##.##
##.g.....## ## ..#
##g.####### ##### #.#
#gS## ....# #.#######@##
....# #...#......######
....####.....###.......#
....#....#....##.#####..
......#######>.#)#
....### ##...# ....#
##..## ....# #....#
....# #....#


You could see 2 gnolls, an adder and a goblin.

Vanquished Creatures
  2 gnolls (D:2)
  A dart slug (D:2)
  3 endoplasms
  A giant cockroach (D:2)
  2 goblins
  2 hobgoblins
  4 jackals (D:2)
  5 kobolds
  2 quokkas (D:2)
  A ball python (D:2)
  3 frilled lizards
  2 rats (D:1)
28 creatures vanquished.

Notes
Turn   | Place    | Note
-------+----------+-------------------------------------------
     0 | D:1      | Crownlay the Minotaur Berserker began the quest for the
                  | Orb.
     0 | D:1      | Reached XP level 1. HP: 19/19 MP: 0/0
   268 | D:1      | Reached skill level 4 in Long Blades
   363 | D:1      | Found Gayrugol's Book Emporium.
   418 | D:1      | Reached XP level 2. HP: 27/27 MP: 1/1
   620 | D:2      | Reached ** piety under Trog
   845 | D:2      | Reached XP level 3. HP: 33/33 MP: 2/2
   851 | D:2      | Found Gummir's General Store.
   879 | D:2      | Bought a scroll of fog for 20 gold pieces
   879 | D:2      | Bought a scroll of identify for 20 gold pieces
   899 | D:2      | Reached skill level 5 in Long Blades
   910 | D:2      | Slain by a gnoll

Illustrated notes

Levels and vault maps discovered:
D:1:      mainiacjoe_arrival_reflecting_pool, layout_rooms, serial_shops,
          nicolae_square_shop
D:2:      layout_rooms, basic_altar, serial_shops, shop, shop

Skill      XL: |  1  2  3 |
---------------+----------+-----
Long Blades    | 4 5 |  5.1
Fighting       | 4 |  4.3
Armour         | |  2.4
Dodging        | |  2.1

Action                   || total
-------------------------++-------
Melee: Falchion          ||    44
       Headbutt          ||    11
Invok: Trog's Hand       ||     1
Armor: Animal skin       ||    16
Dodge: Dodged            ||    36
       Rpst.: Falchion   ||     9
